 Dungeon Crawl Stone Soup version 0.15-a0-963-gb693d2a (webtiles) character file.

382 Bubba the Skirmisher (level 6, 0/67 HPs)
             Began as an Ogre Berserker on May 22, 2014.
             Was a Priest of Trog.
             Slain by a sky beast (6 damage)
             ... on Level 5 of the Dungeon.
             The game lasted 00:12:35 (3164 turns).

Bubba the Skirmisher (Ogre Berserker)               Turns: 3164, Time: 00:12:36

HP   0/67        AC  3     Str 24      XL: 6   Next: 76%
MP   6/6         EV  8     Int  6      God: Trog [***...]
Gold 198         SH 17     Dex 10      Spells:  0 memorised,  5 levels left

rFire  . . .     SeeInvis .     h - +2,+0 mace
rCold  . . .     Clarity  .     b - +0 animal skin
rNeg   . . .     Conserve .     k - +1 shield
rPois  .         rCorr    .     (helmet restricted)
rElec  .         rRot     .     (no cloak)
SustAb .         Spirit   .     (gloves unavailable)
rMut   .         Warding  .     (boots unavailable)
Gourm  .         Stasis   .     (no amulet)
MR     .....                    (no ring)
                                (no ring)

@: exhausted, slowed, very slow, not resistant to hostile enchantments, very
unstealthy
A: unfitting armour, tough skin 1
a: Burn Spellbooks, Berserk, Trog's Hand, Renounce Religion


You were on level 5 of the Dungeon.
You worshipped Trog.
Trog was most pleased with you.
You were hungry.

You visited 1 branch of the dungeon, and saw 5 of its levels.

You collected 198 gold pieces.

Inventory:

Hand weapons
 a - a +0,+0 mace
 h - a +2,+0 mace (weapon)
 t - a +0,+0 mace
Missiles
 q - 2 javelins (quivered)
 s - 26 poisoned needles
 x - 16 darts of flame
Armour
 b - a +0 animal skin (worn)
 k - a +1 shield (worn)
Magical devices
 p - a wand of slowing (6)
Comestibles
 c - 3 meat rations
 u - a bread ration
Scrolls
 e - a scroll of amnesia
 f - 2 scrolls of remove curse
 g - 6 scrolls of identify
 w - a scroll of immolation
 y - 3 scrolls of enchant armour
Jewellery
 i - an uncursed ring of protection from magic
 m - an uncursed ring of wizardry
 v - an uncursed amulet of resist mutation
Potions
 d - a potion of resistance


   Skills:
 + Level 6.3 Fighting
 + Level 5.9 Maces & Flails
 + Level 4.7 Dodging
 + Level 1.2 Shields


You had 5 spell levels left.
You didn't know any spells.

Dungeon Overview and Level Annotations

Branches:
Dungeon (5/15)
 Temple: D:4-7

Altars:
Cheibriados
Dithmenos
Trog
Xom
Zin

Shops:
D:3 *


Innate Abilities, Weirdness & Mutations

You are too large for most types of armour.
You have tough skin (AC +1).


Message History

You feel the effects of Trog's Hand fading.
The sky beast closely misses you. You block the sky beast's attack.
You barely miss the sky beast.
The sky beast is almost dead.
The sky beast hits you but does no damage.
You block the sky beast's attack.
You hit the sky beast.
The sky beast is almost dead.
The sky beast hits you.
* * * LOW HITPOINT WARNING * * *
The sky beast shocks you.
* * * LOW HITPOINT WARNING * * *
You closely miss the sky beast.
The sky beast is almost dead.
Your skin stops crawling.
You feel less resistant to hostile enchantments.
The sky beast hits you.
* * * LOW HITPOINT WARNING * * *
The sky beast shocks you.
You die...

... .........
...........
.>.........
#...........
#...........
#.........$.#
#..Y).......#
#.≈.@.......#
#...........#
#...........#
#...........#
#...........#
#...........#
##...........##
##.............##
##...............#


You could see a sky beast.

Vanquished Creatures
  An ogre (D:5)
  The ghost of kkk the Insei, an average GrMo (D:4)
  A hound (D:4)
  3 worker ants
  Ijyb (D:3)
  2 adders
  A giant mite (D:3)
  2 worms (D:3)
  2 giant geckos
  3 orcs
  5 bats
  6 giant cockroaches
  8 goblins
  12 hobgoblins
  4 giant newts
  A giant newt skeleton (D:4)
  9 kobolds
  2 quokkas
  6 rats
70 creatures vanquished.

Notes
Turn   | Place    | Note
--------------------------------------------------------------
     0 | D:1      | Bubba, the Ogre Berserker, began the quest for the Orb.
     0 | D:1      | Reached XP level 1. HP: 24/24 MP: 1/1
   224 | D:1      | Reached XP level 2. HP: 29/33 MP: 2/2
   872 | D:2      | Found a bloodstained altar of Trog.
   882 | D:2      | Acquired Trog's second power
   900 | D:2      | Reached XP level 3. HP: 31/40 MP: 3/3
  1255 | D:2      | Found a snail-covered altar of Cheibriados.
  1669 | D:3      | Reached XP level 4. HP: 49/49 MP: 4/4
  1742 | D:3      | Noticed Ijyb
  1773 | D:3      | Killed Ijyb
  1773 | D:3      | Reached skill level 5 in Fighting
  1815 | D:3      | Reached skill level 5 in Maces & Flails
  1822 | D:3      | Found Zin's Purification Station.
  1825 | D:3      | Found a glowing silver altar of Zin.
  2518 | D:4      | Reached XP level 5. HP: 53/57 MP: 5/5
  2546 | D:4      | Found a shimmering altar of Xom.
  2676 | D:4      | Found a shadowy altar of Dithmenos.
  3017 | D:4      | Noticed kkk's ghost (average GrMo)
  3029 | D:4      | Killed kkk's ghost
  3029 | D:4      | Reached skill level 6 in Fighting
  3029 | D:4      | Reached skill level 1 in Shields
  3029 | D:4      | Reached XP level 6. HP: 55/67 MP: 6/6
  3111 | D:5      | Entered Level 5 of the Dungeon
  3164 | D:5      | Slain by a sky beast

Action                   |  1- 3 |  4- 6 || total
-------------------------+-------+-------++-------
Melee: Mace              |   124 |   151 ||   275
Invok: Berserk           |       |     3 ||     3
       Trog's Hand       |       |     1 ||     1
  Use: Potion            |       |    11 ||    11
       Scroll            |       |     8 ||     8
 Stab: Sleeping          |       |     1 ||     1
